 Dungeon Crawl Stone Soup version 0.29-a0-43-g62a80824bf (webtiles) character file.

Game seed: 17245081966068729147

861 HallandMoats the Skirmisher (level 8, -1/54 HPs)
             Began as an Octopode Fighter on Feb 3, 2022.
             Was a Priest of Makhleb.
             Slain by a scorpion (5 damage)
             ... in an ossuary.
             The game lasted 00:06:33 (4850 turns).

HallandMoats the Skirmisher (Octopode Fighter)      Turns: 4850, Time: 00:06:34

Health: -1/54      AC:  1    Str: 18    XL:     8   Next: 2%
Magic:  11/11      EV: 13    Int: 10    God:    Makhleb [***...]
Gold:   171        SH:  5    Dex: 11    Spells: 11/11 levels left

rFire   . . .      SeeInvis .   a - +1 trident (chaos)
rCold   . . .      Faith    .   b - +1 buckler
rNeg    . . .      Spirit   .   (helmet restricted)
rPois   +          Reflect  .   (no amulet)
rElec   .          Harm     .   (no ring)
rCorr   .          Rampage  .   (no ring)
Will    .....                   (no ring)
Stlth   ++........              (no ring)
HPRegen 0.18/turn               (no ring)
MPRegen 0.12/turn               (no ring)
                                (no ring)
                                (no ring)

@: mighty
A: almost no armour, amphibious, 8 rings, camouflage 1, gelatinous body 1,
(nimble swimmer 1), tentacles, tentacle spike 1, poison resistance
a: Renounce Religion, Minor Destruction, Lesser Servant of Makhleb


You were in an ossuary.
You worshipped Makhleb.
Makhleb was most pleased with you.
You visited 1 branch of the dungeon, and saw 5 of its levels.
You also visited: Sewer and Ossuary.

You collected 171 gold pieces.

Inventory:

Hand Weapons
 a - a +1 trident of chaos (weapon)
Armour
 b - a +1 buckler (worn)
Wands
 j - a wand of polymorph (8)
Scrolls
 e - 3 scrolls of teleportation
Potions
 c - 4 potions of might
 f - a potion of invisibility {unknown}
 g - 3 potions of attraction {unknown}
 h - a potion of brilliance {unknown}
 i - 2 potions of mutation
 k - a potion of haste {unknown}
 l - 2 potions of flight {unknown}
 m - a potion of resistance {unknown}
 r - a potion of heal wounds {unknown}


   Skills:
 * Level 4.9 Fighting
 * Level 4.3 Polearms
 + Level 4.0 Dodging
 + Level 4.0 Shields
 + Level 2.3 Spellcasting
 + Level 2.3 Transmutations
 + Level 2.4 Earth Magic
 + Level 2.6 Invocations


You had 11 spell levels left.
You didn't know any spells.
Your spell library contained the following spells:

 Spells                   Type           Power      Damage    Failure   Level
 Sting                    Tmut/Pois      12%        1d3       24%         1
 Blink                    Tloc           2%         N/A       52%         2
 Poisonous Vapours        Pois/Air       2%         N/A       52%         2
 Lesser Beckoning         Tloc           1%         N/A       75%         3
 Olgreb's Toxic Radiance  Pois           1%         N/A       98%         4
 Manifold Assault         Tloc           1%         N/A       100%        5


Dungeon Overview and Level Annotations

Branches:
Dungeon (5/15)              Sewer (visited)         Ossuary (1/1)
 Temple: D:4-7

Altars:
Fedhas
Makhleb
Qazlal
Sif Muna
Yredelemnul
Zin

Annotations:
D:3 1 runed translucent door


Innate Abilities, Weirdness & Mutations

You cannot wear most types of armour.
You are amphibious.
You can wear up to eight rings at the same time.
Your skin changes colour to match your surroundings (Stealth+).
Your rubbery body absorbs attacks. (AC +1, EV +1)
((You are camouflaged when in or above water. (Stealth+)))
You have tentacles for arms and can constrict up to eight enemies at once.
One of your tentacles bears a spike.
Your system is resistant to poisons. (rPois)


Message History

There is an open door here.
You feel sick.
You feel sick.
You kill the scorpion!
Makhleb accepts your kill.
You feel better. The scorpion stings you.
* * * LOW HITPOINT WARNING * * *
Your Dodging skill increases to level 4!
You have reached level 8!
There is an open door, spattered with blood here.
You feel better. The scorpion misses you.
You hit the scorpion. You freeze the scorpion. Your grab misses the scorpion.
Your tentacle spike misses the scorpion.
The scorpion is moderately wounded.
The scorpion stings you.
You hit the scorpion but do no damage.
The scorpion suddenly seems more agile.
Your grab misses the scorpion.
You pierce the scorpion, but do no damage.
Your squeeze misses the scorpion.
The scorpion is moderately wounded.
The scorpion stings you!
* * * LOW HITPOINT WARNING * * *
The goblin zombie hits you but does no damage.
The scorpion stings you.
* * * LOW HITPOINT WARNING * * *
You closely miss the scorpion. Your grab misses the scorpion.
Your tentacle spike misses the scorpion.
The scorpion is moderately wounded.
The scorpion closely misses you.
You miss the scorpion. Your grab misses the scorpion.
The scorpion is moderately wounded.
The scorpion stings you.
* * * LOW HITPOINT WARNING * * *
You block the scorpion's attack.
You hit the scorpion but do no damage. Your grab misses the scorpion.
The scorpion is moderately wounded.
The scorpion completely misses you.
You feel very mighty all of a sudden. The scorpion stings you.
You die...

#...#...# #...8...+
#.......
##8...8##############
#.......#...#...#...#
#...8...#...8...'.∩.#
#...#.Z.#.......#...#
######Z###8...8###'##
#!..#...#@......#...#
+...#.ZZs...8...#.∩.#
#!!.#..Z#...#...#...#
#####################


You could see a scorpion (agile), a scorpion zombie, a goblin zombie and a
hobgoblin zombie.

Vanquished Creatures
  A black bear (D:4)
  An ogre (D:4)
  3 kobold brigands (Sewer)
  A scorpion (Ossuary)
  A centaur zombie (Ossuary)
  Crazy Yiuf (D:4)
  2 jellies (D:4)
  An iguana (D:4)
  4 gnolls (D:2)
  2 river rats (Sewer)
  12 adders
  4 worms
  A dart slug (D:3)
  5 orcs
  6 bats
  4 endoplasms
  9 giant cockroaches
  5 goblins
  6 hobgoblins
  10 jackals
  2 quokkas
  9 ball pythons
  2 frilled lizards
  A goblin zombie (Ossuary)
  A hobgoblin zombie (Ossuary)
  A jackal zombie (D:3)
  12 kobolds
  An orc zombie (Ossuary)
  5 rats
113 creatures vanquished.

Vanquished Creatures (others)
  2 fungi (D:4)
2 creatures vanquished.

Grand Total: 115 creatures vanquished

Notes
Turn   | Place    | Note
-------+----------+-------------------------------------------
     0 | D:1      | HallandMoats the Octopode Fighter began the quest for the
                  | Orb.
     0 | D:1      | Reached XP level 1. HP: 16/16 MP: 1/1
    92 | D:1      | Reached XP level 2. HP: 21/21 MP: 2/2
   753 | D:2      | Reached XP level 3. HP: 26/26 MP: 3/3
  1045 | D:2      | Found a faded altar of an unknown god.
  1058 | D:2      | Prayed at the altar of an unknown god.
  1058 | D:2      | Became a worshipper of Makhleb the Destroyer
  1058 | D:2      | Reached * piety under Makhleb
  1270 | D:2      | Reached XP level 4. HP: 26/31 MP: 4/4
  1271 | D:2      | Reached skill level 1 in Earth Magic
  1511 | D:2      | Reached skill level 1 in Invocations
  1515 | D:2      | Reached skill level 1 in Transmutations
  2166 | D:3      | Found a glowing silver altar of Zin.
  2191 | D:3      | Reached XP level 5. HP: 30/36 MP: 6/6
  2204 | D:3      | Reached skill level 1 in Spellcasting
  2302 | D:3      | Found a blossoming altar of Fedhas.
  2367 | D:3      | Found a runed translucent door.
  2367 | D:3      | Noticed a human
  2382 | D:3      | Found a basalt altar of Yredelemnul.
  2913 | D:3      | Found a shimmering blue altar of Sif Muna.
  3038 | D:4      | Gained mutation: One of your tentacles bears a spike.
                  | [potion of mutation]
  3038 | D:4      | Gained mutation: Your system is resistant to poisons.
                  | (rPois) [potion of mutation]
  3093 | D:4      | Found a stormy altar of Qazlal.
  3113 | D:4      | Noticed an ogre
  3203 | D:4      | Killed an ogre
  3204 | D:4      | Reached XP level 6. HP: 42/43 MP: 6/8
  3426 | D:4      | Reached ** piety under Makhleb
  3652 | D:4      | Found a glowing drain.
  3658 | Sewer    | Entered a sewer
  3819 | Sewer    | Reached XP level 7. HP: 48/48 MP: 9/9
  4447 | D:4      | Reached *** piety under Makhleb
  4527 | D:4      | Found a runed translucent door.
  4528 | D:4      | Noticed Crazy Yiuf
  4539 | D:4      | Killed Crazy Yiuf
  4786 | D:5      | Entered Level 5 of the Dungeon
  4794 | D:5      | Found a sand-covered staircase.
  4804 | Ossuary  | Entered an ossuary
  4843 | Ossuary  | Reached XP level 8. HP: 14/54 MP: 11/11
  4850 | Ossuary  | Slain by a scorpion

Illustrated notes

Levels and vault maps discovered:
D:1:      dpeg_arrival_round_c, layout_loops_ring
D:2:      layout_loops_corners, nicolae_ecumenical_snake_handling
D:3:      layout_rooms, lemuel_tele_altar, dk_yredelemnul_ordeal,
          lemuel_doored_altar, mainiacjoe_overflow_tiny_flanked,
          kennysheep_generic_room_4
D:4:      layout_basic, nicolae_qazlal_general_emergency, gup_sewer_entry_pipe,
          wad_floor_pattern_untrapped, uniq_crazy_yiuf_cottage
D:5:      layout_loops_cross, temple_green, enter_ossuary_2, uniq_grinder
Ossuary:  ossuary_minmay_scorpions

Skill      XL: |  1  2  3  4  5  6  7 |
---------------+----------------------+-----
Earth Magic    | 1 2 |  2.4
Invocations    | 1 2 |  2.6
Transmutations | 1 2 |  2.3
Spellcasting   | 1 2 |  2.3
Fighting       | 4 |  4.9
Polearms       | 3 4 |  4.3
Shields        | 4 |  4.0
Dodging        | 4 |  4.0

Action                   |  1- 3 |  4- 6 |  7- 9 || total
-------------------------+-------+-------+-------++-------
Melee: Trident           |    59 |   120 |    91 ||   270
       Tentacles         |     6 |    18 |    11 ||    35
       Constrict         |     9 |    22 |    17 ||    48
       Kick              |       |    21 |    28 ||    49
       Punch             |       |     1 |     1 ||     2
  Use: Scroll            |       |     5 |     6 ||    11
       Potion            |       |     1 |     2 ||     3
 Stab: Sleeping          |     3 |     4 |     4 ||    11
Armor: Skin              |     3 |    11 |     5 ||    19
Dodge: Dodged            |    26 |    52 |    43 ||   121
Block: Buckler           |     9 |    15 |    16 ||    40

Table legend: (Time is in decaauts)
 A = Elapsed time spent in this place.
 B = Non-inter-level travel time spent in this place.
 C = Inter-level travel time spent in this place.
 D = Time resting spent in this place.
 E = Time spent auto-exploring this place.
 F = Levels seen in this place.
 G = Mean time per level.
                   A        B        C        D        E       F      G
               +--------+--------+--------+--------+--------+-----+--------+
         Total |   4904 |   4733 |    171 |    427 |   3525 |   7 |  700.6 |
       Dungeon |   4321 |   4150 |    171 |    427 |   3100 |   5 |  864.2 |
         Sewer |    534 |    534 |      0 |      0 |    411 |   1 |  534.0 |
       Ossuary |     48 |     48 |      0 |      0 |     14 |   1 |   48.0 |
               +--------+--------+--------+--------+--------+-----+--------+

Top non-repeatable levels by time:
     D:2: 1453 daAuts
     D:4: 1238 daAuts
     D:3: 893 daAuts
     D:1: 717 daAuts
   Sewer: 534 daAuts
 Ossuary: 48 daAuts
     D:5: 17 daAuts
